Map: Royal Blood LE

Players

winzboy - Winner!

  • Race: Protoss Protoss
  • Spawn Location: 7:00

VOD

Have the link to the VOD?

Description

Time

  • Played on: May 18, 2023, 9:30 a.m.
  • Length: 17:05
Show
View Real Time Build Order
Export as new Build Order

winzboy Protoss - Winner!

Build Orders:  

Get SALT Encoding   

  12  0:05  Probe (Chrono Boost)  
  13  0:22  Pylon  
  13  0:27  Probe (Chrono Boost)  
  14  0:38  Probe (Chrono Boost)  
  15  0:51  Probe (Chrono Boost)  
  15  0:59  Assimilator  
  16  1:08  Probe (Chrono Boost)  
  17  1:12  Gateway  
  17  1:25  Probe (Chrono Boost)  
  18  1:42  Probe (Chrono Boost)  
  19  1:59  Probe (Chrono Boost)  
  20  2:20  Nexus  
  20  2:30  Cybernetics Core  
  20  2:33  Probe (Chrono Boost)  
  21  2:43  Assimilator  
  22  2:50  Probe (Chrono Boost)  
  22  3:07  Probe (Chrono Boost)  
  23  3:34  Pylon  
  23  3:56  Probe (Chrono Boost)  
  26  4:07  Probe  
  26  4:19  Probe  
  27  4:20  Robotics Facility  
  27  4:25  Probe  
  27  4:26  Shield Battery  
  27  4:28  Unknown  
  29  4:36  Probe  
  30  4:42  Probe  
  31  4:53  Probe  
  31  4:59  Probe  
  33  5:04  Stalker (Chrono Boost)  
  33  5:16  Probe  
  36  5:34  Sentry  
  36  5:42  Observer  
  36  5:48  Probe  
  40  6:01  Pylon  
  40  6:05  Probe  
  41  6:21  Immortal  
  41  6:22  Probe  
  41  6:27  Warp Gate (Chrono Boost)  
  46  6:39  Probe  
  47  6:40  Forge  
  47  6:41  Twilight Council  
  47  6:53  Pylon  
  47  6:56  Probe  
  48  7:12  Probe  
  48  7:14  Pylon  
  49  7:29  Probe  
  50  7:39  Assimilator  
  50  7:41  Immortal  
  50  7:42  Assimilator  
  50  7:47  Pylon  
  54  7:55  Protoss Ground Weapons Level 1 (Chrono Boost)  
  52  8:00  Stalker  
  48  8:42  Stalker  
  50  8:59  Pylon  
  50  9:07  Templar Archives  
  50  9:08  Gateway  
  50  9:11  Gateway  
  50  9:14  Gateway  
  50  9:15  Gateway  
  50  9:19  Gateway  
  50  9:22  Gateway  
  50  9:23  Gateway  
  50  9:29  Probe  
  51  9:36  Stalker  
  53  9:42  Immortal  
  53  9:46  Probe  
  58  10:03  Probe  
  59  10:20  Probe  
  59  10:28  Zealot  
  59  10:29  Zealot x2  
  66  10:31  Zealot  
  66  10:33  High Templar  
  66  10:35  High Templar  
  66  10:37  Warp Prism  
  74  10:47  Zealot  
  74  10:48  Zealot  
  78  10:57  Zealot  
  78  10:58  Zealot  
  82  11:20  Pylon  
  82  11:27  Pylon, Immortal  
  86  11:31  Pylon  
  86  11:35  Nexus  
  86  11:37  Assimilator  
  86  11:44  Assimilator  
  86  11:48  Pylon  
  86  11:52  Pylon  
  86  11:55  Zealot x2  
  86  11:56  Zealot x2, Charge (Chrono Boost)  
  86  11:57  Zealot  
  96  12:01  Zealot  
  96  12:03  Robotics Facility  
  96  12:06  Robotics Facility  
  98  12:16  Protoss Ground Weapons Level 2  
  98  12:19  Zealot  
  100  12:21  Zealot  
  100  12:22  Immortal  
  106  12:45  Pylon  
  106  12:49  Pylon  
  106  12:55  Archon  
  106  13:02  Zealot x2  
  106  13:03  Zealot x2  
  106  13:04  Unknown, Zealot x2  
  106  13:05  Zealot  
  118  13:35  Pylon  
  118  13:39  Pylon  
  118  13:46  Gateway  
  118  13:48  Immortal  
  118  13:53  High Templar x2  
  118  13:54  High Templar  
  118  13:55  High Templar x3  
  118  13:59  High Templar x2  
  134  14:03  Archon  
  134  14:34  Archon x2  
  134  14:36  Archon  
  134  15:15  Immortal x2  
  134  15:16  Immortal  
  134  15:18  Stalker x2  
  134  15:19  Stalker x2  
  154  15:33  Adept x2  
  154  15:34  Adept  
  154  15:35  Adept  
  158  15:58  Unknown  
  158  16:01  Stalker  
  158  16:02  Stalker x2  
  158  16:03  Stalker  
  160  16:30  Unknown  
Tags
 
Matchup
Co-op
Replay Pack
Multiplayer
Add a new tag
Caveats
  • Supply blocks, unpowered buildings, or Contaminate may cause inaccurate times.
  • Supply counts are checked every 10 seconds.